 Dungeon Crawl Stone Soup version 0.23.2-40-g277498a001 (webtiles) character file.

Game seed: 13049017629583655126

45 Blues the Skirmisher (level 3, -5/29 HPs)
             Began as a Demonspawn Abyssal Knight on Sept 25, 2019.
             Was a Believer of Lugonu.
             Killed by nerve-wracking pain
             ... invoked by an orc priest
              (12 damage)
             ... on level 3 of the Dungeon.
             The game lasted 00:07:41 (1385 turns).

Blues the Skirmisher (Demonspawn Abyssal Knight)    Turns: 1385, Time: 00:07:42

Health: -5/29      AC:  3    Str: 15    XL:     3   Next: 42%
Magic:  13/13      EV:  8    Int: 13    God:    Lugonu [**....]
Gold:   79         SH:  7    Dex: 12    Spells: 2/2 levels left

rFire    . . .     SeeInvis .   a - +1 falchion
rCold    . . .     Gourm    .   j - +0 shield (curse)
rNeg     . . .     Faith    .   b - +0 leather armour
rPois    .         Spirit   .   (helmet restricted)
rElec    .         Reflect  .   (no cloak)
rCorr    .         Harm     .   (no gloves)
MR       .....                  (no boots)
Stlth    +.........             i - amulet of rage
HPRegen  0.09/turn              f - ring of magical power
MPRegen  0.13/turn              k - +2 ring of strength

@: no status effects
A: horns 2
a: Depart the Abyss, Bend Space, Renounce Religion, Evoke Berserk Rage


You were on level 3 of the Dungeon.
You worshipped Lugonu.
Lugonu was pleased with you.
You were hungry.

You visited 1 branch of the dungeon, and saw 3 of its levels.
You visited the Abyss 1 time.

You collected 79 gold pieces.

Inventory:

Hand Weapons
 a - a +1 falchion (weapon)
Armour
 b - a +0 leather armour (worn)
 j - a cursed +0 shield (worn)
Magical Staves
 e - an uncursed staff of wizardry
Jewellery
 f - a ring of magical power (left hand)
 i - an amulet of rage (around neck)
 k - a +2 ring of strength (right hand)
Wands
 h - a wand of iceblast (5)
Scrolls
 l - a scroll of identify
 m - a scroll of enchant armour {unknown}
 n - a scroll of remove curse {unknown}
Potions
 d - a potion of mutation {unknown}
 g - a potion of curing {unknown}
 o - a potion of haste {unknown}
Comestibles
 c - 5 rations


   Skills:
 + Level 3.5 Fighting
 * Level 2.3 Long Blades
 * Level 2.0 Armour
 * Level 1.3 Dodging
 + Level 0.6 Stealth
 * Level 2.6 Invocations


You had 2 spell levels left.
You didn't know any spells.
Your spell library was empty.

Dungeon Overview and Level Annotations

Branches:
Dungeon (3/15)

Altars:


Innate Abilities, Weirdness & Mutations

You have a pair of horns on your head.


Message History

You start resting.
The orc is too close now for your liking.
An orc is nearby!
The orc closely misses you.
Things that are here:
a +0 club; a goblin corpse You hit the orc.
The orc is lightly wounded.
You block the orc's attack.
You hit the orc but do no damage.
The orc is lightly wounded.
The orc hits you with a +0 falchion.
* * * LOW HITPOINT WARNING * * *
You hit the orc but do no damage.
The orc is lightly wounded.
You block the orc's attack.
You closely miss the orc priest.
The orc priest calls down the wrath of Beogh upon you.
Pain shoots through your body!
You die...

#.###.##
##.......## #.#
##.# ##.....##
#. #.# ##...##
#.# ##.# ##+##
#.###.## .
#...#######.#
####.###......#
#...oo......#
#.##@##o.##.# #
#.##..# #.##..#
#...o?# ####.##
#.# #.o ..#


You could see an orc priest and an orc.

Vanquished Creatures
  A worm (D:2)
  A dart slug (D:3)
  3 leopard geckos
  An orc (D:3)
  3 giant cockroaches
  4 goblins
  5 hobgoblins
  4 kobolds
  3 ball pythons
  4 bats
  2 frilled lizards (D:1)
  4 rats
35 creatures vanquished.

Notes
Turn   | Place    | Note
-------+----------+-------------------------------------------
     0 | Abyss:1  | Blues the Demonspawn Abyssal Knight began the quest for the
                  | Orb.
     0 | Abyss:1  | Reached XP level 1. HP: 18/18 MP: 2/2
     9 | D:1      | Escaped the Abyss
   491 | D:1      | Gained mutation: You have a pair of small horns on your
                  | head. [demonic ancestry]
   491 | D:1      | Reached XP level 2. HP: 23/24 MP: 3/3
   796 | D:2      | Reached ** piety under Lugonu
  1100 | D:2      | Reached skill level 1 in Dodging
  1179 | D:2      | Gained mutation: You have a pair of horns on your head.
                  | [demonic ancestry]
  1179 | D:2      | Reached XP level 3. HP: 25/29 MP: 4/4
  1385 | D:3      | Killed from afar by an orc priest

Skill      XL: |  1  2 |
---------------+-------+-----
Long Blades    | 2 |  2.3
Armour         | 2 |  2.0
Dodging        | 1 |  1.3
Fighting       | |  3.5
Stealth        | |  0.6
Invocations    | |  2.6

Action                   || total
-------------------------++-------
Melee: Falchion          ||    90
       Headbutt          ||    14
  Use: Scroll            ||     2
 Stab: Sleeping          ||     2
  Eat: Chunk             ||     1
Armor: Leather armour    ||    29
Dodge: Dodged            ||    43
Block: Shield            ||    12
       Rpst.: Falchion   ||    13
